 Dungeon Crawl Stone Soup version 0.22.1-2-g9c5b331 (webtiles) character file.

4673 shakethe the Poker (level 10, -8/79 HPs)
             Began as a Gnoll Wanderer on Nov 20, 2018.
             Was a Believer of Okawaru.
             Mangled by a sixfirhy (10 damage)
             ... on level 9 of the Dungeon.
             The game lasted 00:13:07 (8698 turns).

shakethe the Poker (Gnoll Wanderer)                 Turns: 8698, Time: 00:13:07

Health: -8/79      AC:  6    Str: 11    XL:     10   Next: 44%
Magic:  17/17      EV: 15    Int: 20    God:    Okawaru [**....]
Gold:   375        SH:  0    Dex: 16    Spells: 19/19 levels left

rFire    . . .     SeeInvis .   F - +7 mace of Variability {chain chaos}
rCold    . . .     Gourm    .   (shield currently unavailable)
rNeg     . . .     Faith    .   p - +0 leather armour (curse)
rPois    .         Spirit   .   (no helmet)
rElec    .         Reflect  .   H - +1 cloak
rCorr    .         Harm     .   (no gloves)
MR       .....                  (no boots)
Stlth    +++.......             (no amulet)
HPRegen  0.23/turn              (no ring)
MPRegen  0.15/turn              (no ring)

@: no status effects
A: distributed training, fangs 1, strong nose
a: Heroism, Renounce Religion


You were on level 9 of the Dungeon.
You worshipped Okawaru.
Okawaru was pleased with you.
You were not hungry.

You visited 2 branches of the dungeon, and saw 10 of its levels.

You collected 375 gold pieces.

Inventory:

Hand Weapons
 c - a +0 mace
 d - a +3 quarterstaff of chaos
 e - a +0 dagger
 g - a +4 dagger
 F - the +7 mace of Variability (weapon) {chain chaos}
   (You found it on level 7 of the Dungeon)

   Each time it hits an enemy it has a different, random effect.
Missiles
 r - a throwing net (quivered)
Armour
 p - a cursed +0 leather armour (worn)
 H - a +1 cloak (worn)
Wands
 a - a wand of enslavement (28)
 x - a wand of clouds (2)
 y - a wand of iceblast (26)
 E - a wand of flame (11)
Scrolls
 h - 5 scrolls of fear
 i - a scroll of enchant armour
 j - a scroll of blinking
 l - 5 scrolls of identify
 m - 3 scrolls of teleportation
 n - 3 scrolls of remove curse {unknown}
 s - a scroll of magic mapping {unknown}
 u - 3 scrolls of immolation
 z - a scroll of fog {unknown}
 B - a scroll of enchant weapon {unknown}
 C - a scroll of holy word {unknown}
 D - a scroll of random uselessness {unknown}
 I - a scroll of noise {unknown}
Potions
 b - 3 potions of curing
 k - 4 potions of heal wounds
 o - 2 potions of invisibility
 q - 2 potions of flight
 t - 2 potions of cancellation
 v - a potion of agility
 w - a potion of brilliance
 A - 2 potions of berserk rage {unknown}
 G - a potion of ambrosia {unknown}
Comestibles
 f - 10 rations
 J - 2 chunks of flesh


   Skills:
 + Level 7.0 Fighting
 + Level 5.2 Short Blades
 + Level 5.2 Long Blades
 + Level 5.2 Axes
 + Level 7.0 Maces & Flails
 + Level 7.0 Polearms
 + Level 5.2 Staves
 + Level 5.2 Slings
 + Level 5.2 Bows
 + Level 5.2 Crossbows
 + Level 5.2 Throwing
 + Level 5.8 Armour
 + Level 5.2 Dodging
 + Level 6.7 Stealth
 + Level 5.2 Shields
 + Level 5.2 Unarmed Combat
 + Level 5.2 Spellcasting
 + Level 4.3 Conjurations
 + Level 4.3 Hexes
 + Level 4.3 Charms
 + Level 4.3 Summonings
 + Level 4.3 Necromancy
 + Level 4.3 Translocations
 + Level 4.3 Transmutations
 + Level 4.3 Fire Magic
 + Level 4.3 Ice Magic
 + Level 4.3 Air Magic
 + Level 4.3 Earth Magic
 + Level 4.3 Poison Magic
 + Level 5.7 Invocations
 + Level 5.8 Evocations


You had 19 spell levels left.
You didn't know any spells.
Your spell library contained the following spells:

 Spells                   Type           Power        Failure   Level  Hunger
 Sting                    Conj/Pois      ###.         2%          1    None
 Poisonous Vapours        Pois/Air       ###...       3%          2    None
 Mephitic Cloud           Conj/Pois/Air  ###.....     8%          3    ##.....
 Olgreb's Toxic Radiance  Pois           ###.....     24%         4    ####...
 Venom Bolt               Conj/Pois      ###.......   56%         5    #####..


Dungeon Overview and Level Annotations

Branches:
Dungeon (9/15)             Temple (1/1) D:7            Lair (0/6) D:9
    Orc (0/2) D:9

Altars:
Ashenzari
Cheibriados
Elyvilon
Fedhas
Gozag
Hepliaklqana
Kikubaaqudgha
Makhleb
Nemelex Xobeh
Okawaru
Qazlal
Ru
Sif Muna
Trog
Vehumet
Wu Jian
Xom
Yredelemnul
Zin
The Shining One

Shops:
D:4 [*   D:6 :(%(   D:7 ?

Annotations:
D:5 3 runed doors, Frank's ghost, novice GrFi


Innate Abilities, Weirdness & Mutations

Your experience applies equally to all skills.
You have very sharp teeth.
Your uncanny sense of smell can sniff out nearby items.


Message History

The sixfirhy shocks you!
You hit the sixfirhy.
The sixfirhy convulses.
The sixfirhy is moderately wounded.
You completely miss the sixfirhy.
The sixfirhy is moderately wounded.
The sixfirhy barely misses you. The sixfirhy hits you! The sixfirhy shocks you!
The sixfirhy hits you. The sixfirhy shocks you!
* * * LOW HITPOINT WARNING * * *
You miss the sixfirhy.
The sixfirhy is lightly wounded.
The sixfirhy barely misses you.
The sixfirhy hits you but does no damage.
The sixfirhy hits you.
* * * LOW HITPOINT WARNING * * *
The sixfirhy shocks you!
* * * LOW HITPOINT WARNING * * *
The sixfirhy hits you!
* * * LOW HITPOINT WARNING * * *
The sixfirhy shocks you!
You die...

#.........##.#.
+.........+....
#.......<.####>
##.......#..... ####
##.....##.#... ∆
...######...###.#.#.
#.....###+## #.#.#.
#.###.###.# #.....
#.###.@3#..##.######.##
#.....###.......## #.#
#####.....##.....###.#
........#####..........#
######### ##.....#####
##.#### #.# ### #.#
###.. #.# #....


You could see a sixfirhy.

Vanquished Creatures
  A two-headed ogre (D:8)
  Pikel (D:5)
  Maurice (D:9)
  A komodo dragon (D:9)
  Eustachio (D:4)
  Edmund (D:5)
  2 wargs (D:9)
  A water moccasin (D:6)
  5 ice beasts
  2 sky beasts
  3 black bears
  A phantom (D:8)
  2 ogres (D:5)
  A big kobold (D:7)
  Blork the orc (D:4)
  2 bullfrogs (D:7)
  A wyvern zombie (D:9)
  A scorpion (D:4)
  4 howler monkeys
  A crimson imp (D:9)
  A quasit (D:7)
  3 hounds
  Crazy Yiuf (D:2)
  An orc wizard (D:8)
  A bullfrog skeleton (D:8)
  Ijyb (D:4)
  An iguana (D:5)
  A worker ant (shapeshifter) (D:7)
  5 worker ants
  A hound zombie (D:7)
  A howler monkey skeleton (D:6)
  A worker ant zombie (D:9)
  5 adders
  4 shadow imps
  2 adder zombies
  3 adder skeletons
  A worm (D:2)
  A dart slug (D:2)
  4 leopard geckos
  23 orcs
  4 ball pythons
  2 giant cockroaches
  10 goblins
  8 hobgoblins
  17 jackals
  15 kobolds
  3 quokkas
  6 bats
  5 frilled lizards
  2 quokka zombies
  14 rats
180 creatures vanquished.

Vanquished Creatures (others)
  A bat (D:2)
  2 plants (D:9)
3 creatures vanquished.

Grand Total: 183 creatures vanquished

Notes
Turn   | Place    | Note
-------+----------+-------------------------------------------
     0 | D:1      | shakethe the Gnoll Wanderer began the quest for the Orb.
     0 | D:1      | shakethe set off with: a wand of enslavement (15), a potion
                  | of curing, a +0 mace, a +0 robe, a +0 dagger, a ration
     0 | D:1      | Reached XP level 1. HP: 20/20 MP: 2/2
    80 | D:1      | Reached XP level 2. HP: 24/26 MP: 3/3
   534 | D:1      | Reached XP level 3. HP: 29/31 MP: 4/4
   929 | D:2      | Reached skill level 1 in Invocations
   972 | D:2      | Found a faded altar of an unknown god.
  1081 | D:2      | Found a runed door.
  1204 | D:2      | Reached skill level 1 in Short Blades
  1204 | D:2      | Reached skill level 1 in Long Blades
  1204 | D:2      | Reached skill level 1 in Axes
  1204 | D:2      | Reached skill level 1 in Staves
  1204 | D:2      | Reached skill level 1 in Slings
  1204 | D:2      | Reached skill level 1 in Bows
  1204 | D:2      | Reached skill level 1 in Crossbows
  1204 | D:2      | Reached skill level 1 in Throwing
  1204 | D:2      | Reached skill level 1 in Dodging
  1204 | D:2      | Reached skill level 1 in Shields
  1204 | D:2      | Reached skill level 1 in Unarmed Combat
  1204 | D:2      | Reached skill level 1 in Spellcasting
  1309 | D:2      | Reached XP level 4. HP: 29/38 MP: 6/6
  1775 | D:2      | Noticed Crazy Yiuf
  1779 | D:2      | Killed Crazy Yiuf
  1779 | D:2      | Reached skill level 1 in Conjurations
  1779 | D:2      | Reached skill level 1 in Hexes
  1779 | D:2      | Reached skill level 1 in Charms
  1779 | D:2      | Reached skill level 1 in Summonings
  1779 | D:2      | Reached skill level 1 in Necromancy
  1779 | D:2      | Reached skill level 1 in Translocations
  1779 | D:2      | Reached skill level 1 in Transmutations
  1779 | D:2      | Reached skill level 1 in Fire Magic
  1779 | D:2      | Reached skill level 1 in Ice Magic
  1779 | D:2      | Reached skill level 1 in Air Magic
  1779 | D:2      | Reached skill level 1 in Earth Magic
  1779 | D:2      | Reached skill level 1 in Poison Magic
  1967 | D:3      | Reached XP level 5. HP: 42/43 MP: 7/7
  2563 | D:4      | Noticed Ijyb
  2571 | D:4      | Killed Ijyb
  2627 | D:4      | Found Wakhip's Elemental Accessories.
  2732 | D:4      | Reached XP level 6. HP: 36/50 MP: 8/8
  2818 | D:4      | Found Ograetys's Armour Boutique.
  2878 | D:4      | Noticed Blork the orc
  2885 | D:4      | Killed Blork the orc
  2885 | D:4      | Reached skill level 5 in Fighting
  2885 | D:4      | Reached skill level 5 in Maces & Flails
  2885 | D:4      | Reached skill level 5 in Polearms
  3043 | D:4      | Noticed Eustachio
  3050 | D:4      | Killed Eustachio
  3050 | D:4      | Reached XP level 7. HP: 47/56 MP: 10/10
  3550 | D:5      | Entered Level 5 of the Dungeon
  3622 | D:5      | Found a runed gate.
  3625 | D:5      | Noticed Frank's ghost (novice GrFi)
  3626 | D:5      | Found a runed gate.
  3626 | D:5      | Found a runed gate.
  3804 | D:5      | Reached skill level 5 in Stealth
  4069 | D:5      | Noticed Edmund
  4091 | D:5      | Killed Edmund
  4091 | D:5      | Reached XP level 8. HP: 37/63 MP: 10/12
  4227 | D:5      | Noticed Pikel
  4252 | D:5      | Killed Pikel
  4848 | D:6      | Found Zuomodom's Food Shoppe.
  5177 | D:6      | Found Epoyw's Book Shop.
  5444 | D:6      | Found Doepoej's Antique Weapon Emporium.
  5486 | D:6      | Reached XP level 9. HP: 55/69 MP: 14/14
  6213 | D:6      | Found Eniesebi's Weapon Emporium.
  6414 | D:7      | Found a staircase to the Ecumenical Temple.
  6457 | Temple   | Entered the Ecumenical Temple
  6659 | Temple   | Became a worshipper of Warmaster Okawaru
  6921 | D:7      | Found Deocwekh's Magic Scroll Shop.
  6938 | D:7      | Reached skill level 5 in Armour
  6938 | D:7      | Reached skill level 5 in Evocations
  7011 | D:7      | Found the +7 mace of Variability {chain chaos}
  7281 | D:8      | Noticed a two-headed ogre
  7285 | D:8      | Killed a two-headed ogre
  7285 | D:8      | Reached * piety under Okawaru
  7285 | D:8      | Reached skill level 5 in Invocations
  7629 | D:8      | Reached XP level 10. HP: 77/77 MP: 17/17
  7630 | D:8      | Found an ornate altar of the Wu Jian Council.
  7750 | D:8      | Found a deep blue altar of Sif Muna.
  7863 | D:9      | Reached ** piety under Okawaru
  7885 | D:9      | Found a sparkling altar of Nemelex Xobeh.
  7886 | D:9      | Found a blossoming altar of Fedhas.
  7887 | D:9      | Found a burning altar of Makhleb.
  7887 | D:9      | Noticed Maurice
  7920 | D:9      | Killed Maurice
  8001 | D:9      | Reached skill level 5 in Short Blades
  8001 | D:9      | Reached skill level 5 in Long Blades
  8001 | D:9      | Reached skill level 5 in Axes
  8001 | D:9      | Reached skill level 5 in Staves
  8001 | D:9      | Reached skill level 5 in Slings
  8001 | D:9      | Reached skill level 5 in Bows
  8001 | D:9      | Reached skill level 5 in Crossbows
  8001 | D:9      | Reached skill level 5 in Throwing
  8001 | D:9      | Reached skill level 5 in Dodging
  8001 | D:9      | Reached skill level 5 in Shields
  8001 | D:9      | Reached skill level 5 in Unarmed Combat
  8001 | D:9      | Reached skill level 5 in Spellcasting
  8189 | D:9      | Found a staircase to the Lair.
  8511 | D:9      | Found a staircase to the Orcish Mines.
  8562 | D:9      | Noticed a sixfirhy
  8564 | D:9      | Found a runed door.
  8698 | D:9      | HP: 2/79 [sixfirhy (7)]
  8698 | D:9      | Mangled by a sixfirhy

Skill      XL: |  1  2  3  4  5  6  7  8  9 10 |
---------------+-------------------------------+-----
Invocations    | 1 2 3 4 5 |  5.7
Short Blades   | 1 2 3 4 5 |  5.2
Long Blades    | 1 2 3 4 5 |  5.2
Axes           | 1 2 3 4 5 |  5.2
Staves         | 1 2 3 4 5 |  5.2
Slings         | 1 2 3 4 5 |  5.2
Bows           | 1 2 3 4 5 |  5.2
Crossbows      | 1 2 3 4 5 |  5.2
Throwing       | 1 2 3 4 5 |  5.2
Dodging        | 1 2 3 4 5 |  5.2
Shields        | 1 2 3 4 5 |  5.2
Unarmed Combat | 1 2 3 4 5 |  5.2
Spellcasting   | 1 2 3 4 5 |  5.2
Conjurations   | 1 2 3 4 |  4.3
Hexes          | 1 2 3 4 |  4.3
Charms         | 1 2 3 4 |  4.3
Summonings     | 1 2 3 4 |  4.3
Necromancy     | 1 2 3 4 |  4.3
Translocations | 1 2 3 4 |  4.3
Transmutations | 1 2 3 4 |  4.3
Fire Magic     | 1 2 3 4 |  4.3
Ice Magic      | 1 2 3 4 |  4.3
Air Magic      | 1 2 3 4 |  4.3
Earth Magic    | 1 2 3 4 |  4.3
Poison Magic   | 1 2 3 4 |  4.3
Armour         | 3 4 5 |  5.8
Evocations     | 3 4 5 |  5.8
Fighting       | 5 6 7 |  7.0
Maces & Flails | 5 6 7 |  7.0
Polearms       | 5 6 7 |  7.0
Stealth        | 5 6 |  6.7

Action                   |  1- 3 |  4- 6 |  7- 9 | 10-12 || total
-------------------------+-------+-------+-------+-------++-------
Melee: Mace              |     9 |       |       |       ||     9
       Dagger            |    93 |     9 |       |       ||   102
       Bite              |     4 |     5 |    20 |     8 ||    37
       Quarterstaff      |       |    98 |   226 |       ||   324
       Great mace        |       |       |    25 |    59 ||    84
  Use: Potion            |       |       |     5 |       ||     5
       Scroll            |       |       |     7 |       ||     7
 Stab: Sleeping          |     9 |    10 |    16 |     6 ||    41
       Paralysed         |       |     1 |     1 |       ||     2
       Petrifying        |       |     1 |       |       ||     1
  Eat: Chunk             |     1 |     5 |     8 |     4 ||    18
       Ration            |       |       |     2 |       ||     2
Armor: Robe              |     8 |       |       |       ||     8
       Leather armour    |     7 |    18 |    72 |    13 ||   110
Dodge: Dodged            |    67 |    58 |   197 |    53 ||   375
